woodfighter, lawful female human Archeologist ----------- |.........-*########## |.........| # |..........###########+ |.........| # |........<.########### ----------- # # ) I # # | ###@G ...... | woodfighter the Field Worker Experience level: 5 Strength: 15 Dexterity: 9 Constitution: 14 Intelligence: 18 Wisdom: 14 Charisma: 9 Health: 0(32) Energy: 30(30) Def: 1 Gold: 0 Moves: 1503 Dungeon seed: 3Qo0N1RSeGr_USTp Game ID: woodfighter_1582141043 Your Inventory: Weapons a - a +2 bullwhip (weapon in hand) Armor e - an uncursed +0 leather jacket (being worn) n - an uncursed +0 fedora (being worn) y - an uncursed +0 orcish helm N - an uncursed +0 elven mithril-coat Comestibles b - 4 uncursed food rations B - an uncursed carrot C - an uncursed tin of jackal meat Wands w - a wand of enlightenment (0:15) Tools c - a +0 pick-axe h - an uncursed oil lamp (0:1136) s - an uncursed sack Gems q - an uncursed touchstone r - an uncursed worthless piece of green glass z - 2 uncursed amethysts Contents of the sack: 581 gold pieces a [uncursed] scroll of charging a [uncursed] scroll of confuse monster a [uncursed] scroll of create monster a [uncursed] scroll of gold detection a [uncursed] scroll of identify 2 [uncursed] scrolls of scare monster a [uncursed] potion of extra healing a [uncursed] potion of gain level a [cursed] potion of speed a [uncursed] ring of fire resistance a wand of light (0:11) Spells and supernatural/magical abilities: Name Level Category Fail Memory W - pray for help -- divine ? -- Your skills at the end: Miscellaneous Skills wands [Basic] Weapon Skills pick-axe [Basic] whip [Basic] Spellcasting Skills Final Attributes: You were fervently aligned. You were stealthy. You were fast. You are dead. Vanquished creatures: a housecat a rock piercer 4 iguanas 2 jitterbugs 3 coyotes a hobbit 5 geckos a hobgoblin 5 giant rats a cave spider a gnome 4 manes 7 jackals 3 newts 2 goblins 3 sewer rats 2 grid bugs a bat 2 lichens a kobold zombie 50 creatures vanquished. Voluntary challenges: You did not adorn yourself with jewelry or accessories. You did not cause conflict. You were not invisible. You did not have reflection. You were not displaced. You were an atheist. You used a wielded weapon 91 times, starting on turn 19. You did not apply a unicorn horn. You did not use plumbed fixtures. You did not drink any magical draughts. You were illiterate. You never genocided any monsters. You never polymorphed an object. You never changed form. You used no wishes. You never split a pudding. You never wrote Elbereth's name. You never violated your personal moral code. Dungeon overview: The Dungeons of Doom: levels 1 to 6 Level 1 (box) a long staircase Level 2 a general store, a fountain Level 3 Level 4 (water) stairs to The Gnomish Mines Level 5 a potion shop Level 6 <- You were here The Gnomish Mines: Level 5 stairs to The Dungeons of Doom History has recorded: On T:1 you entered the Dungeons of Doom to retrieve the Amulet of Yendor! On T:96 you reached level 2 of The Dungeons of Doom. On T:247 you reached level 3 of The Dungeons of Doom. On T:318 you advanced to experience level 2. On T:765 you advanced to experience level 3. On T:772 you reached level 4 of The Dungeons of Doom. On T:865 you reached level 1 of The Gnomish Mines. On T:1077 you reached level 5 of The Dungeons of Doom. On T:1125 you reached level 6 of The Dungeons of Doom. On T:1237 you advanced to experience level 4. On T:1482 you advanced to experience level 5. Score breakdown: Gold: 581 ( 58 points) Experience: 5 levels ( 400 points) Exploration: 6 levels ( 150 points) Discoveries: 14 items ( 700 points) Variety of kills: 20 monsters ( 1000 points) Major goal: (nothing yet) ( 0 points) Survival: died (score multiplied by 3) Total score: 6924 Latest messages: The jitterbug bites! You whip the jitterbug. You hear some noises. The jitterbug bites! You whip the jitterbug. The jitterbug displaces you! Something bumps right into you! The jitterbug misses something. The jitterbug bites! You kill the jitterbug! Welcome to experience level 5. Something bites! You kill it! You finish searching. You stop exploring. The gnome lord swings his crossbow at you. The gnome lord hits! The gnome lord punches you! You whip the gnome lord. (2x) The gnome lord swings his crossbow at you. The gnome lord hits! The gnome lord punches you! You whip the gnome lord. (3x) The gnome lord swings his crossbow at you. The gnome lord hits! The gnome lord punches you! You die... Final status: Goodbye woodfighter the Archeologist, killed by a gnome lord... You died in The Dungeons of Doom on dungeon level 6 with 6924 points, and 581 pieces of gold, after 1503 moves. You were level 5 with a maximum of 32 hit points when you died.